 Dungeon Crawl Stone Soup version 0.21-a0-521-g1cd18d1 (webtiles) character file.

70 Klosterheim the Ogre Mage (level 4, -4/41 HPs)
             Began as an Ogre Wizard on Dec 5, 2017.
             Shot with an arrow by a centaur (9 damage)
             ... on level 2 of the Dungeon.
             The game lasted 00:04:11 (1957 turns).

Klosterheim the Ogre Mage (Ogre Wizard)             Turns: 1957, Time: 00:04:12

Health: -4/41      AC:  3    Str: 11    XL:     4   Next: 21%
Magic:  2/10       EV: 10    Int: 20    God:
Gold:   111        SH:  0    Dex:  7    Spells: 7/12 levels left

rFire    . . .     SeeInvis .   k - +0 whip
rCold    . . .     Gourm    .   (no shield)
rNeg     . . .     Faith    .   a - +0 robe
rPois    .         Spirit   .   b - +0 hat
rElec    .         Reflect  .   (no cloak)
rCorr    .         Harm     .   (gloves unavailable)
MR       .....                  (boots unavailable)
Stlth    +.........             (no amulet)
HPRegen  0.13/turn              (no ring)
MPRegen  0.12/turn              (no ring)

@: very slightly contaminated, hasted, very quick
A: large, unfitting armour, tough skin 1
a: no special abilities


You were on level 2 of the Dungeon.
You were not hungry.

You visited 1 branch of the dungeon, and saw 2 of its levels.

You collected 111 gold pieces.

Inventory:

Hand Weapons
 k - a +0 whip (weapon)
Armour
 a - a +0 robe (worn)
 b - a +0 hat (worn)
Scrolls
 e - a scroll of magic mapping
Books
 c - a book of Minor Magic

   Spells                             Type                      Level
   a - Magic Dart                     Conjuration                  1
   b - Blink                          Translocation                2
   c - Call Imp                       Summoning                    2
   d - Slow                           Hexes                        2
   e - Conjure Flame                  Conjuration/Fire             3
   f - Mephitic Cloud                 Conjuration/Poison/Air       3
Comestibles
 d - 2 bread rations


   Skills:
 + Level 1.3 Fighting
 * Level 1.2 Maces & Flails
 - Level 1.8 Dodging
 - Level 1.5 Stealth
 + Level 4.5 Spellcasting
 * Level 1.7 Conjurations
 - Level 0.8 Summonings
 - Level 0.8 Translocations


You had 7 spell levels left.
You knew the following spells:

 Your Spells              Type           Power        Failure   Level  Hunger
a - Magic Dart            Conj           ##..         6%          1    None
b - Call Imp              Summ           #.......     13%         2    #......
c - Blink                 Tloc           N/A          13%         2    #......


Dungeon Overview and Level Annotations

Branches:
Dungeon (2/15)

Altars:
Elyvilon


Innate Abilities, Weirdness & Mutations

You are too large for most types of armour.
You have tough skin. (AC +1)


Message History

Your iron imp barely misses the centaur.
The centaur shoots an arrow.
The arrow hits your iron imp.
Your iron imp hits the centaur.
All of the chunks of flesh in your inventory have rotted away.
The centaur shoots an arrow.
The arrow hits your iron imp!
The centaur shoots an arrow.
The arrow hits your iron imp.
Your iron imp dies!
The centaur shoots an arrow.
The arrow hits you.
* * * LOW HITPOINT WARNING * * *
You see here an arrow.
It was a potion of curing.
You feel better.
The centaur shoots an arrow.
The arrow hits you.
* * * LOW HITPOINT WARNING * * *
You feel better.
The centaur shoots an arrow.
The arrow barely misses you.
It was a potion of haste.
You feel yourself speed up.
The centaur shoots an arrow.
The arrow hits you.
* * * LOW HITPOINT WARNING * * *
The centaur shoots an arrow.
The arrow closely misses you.
The centaur shoots an arrow.
The arrow hits you!
You die...

.....#
###.........##
##.# #. ###+##
##≈..♣..≈##
#.. #.
#≈≈...≈≈#
##.##.
###...### ..##
#...# #.#
#.#.# .# #.#.#
..
#.#(##########
#.#@.........
#.#........#
#.'(.......#
###(.(...(.#
#........#
#.....c(.#
#......((#
########(# #.#


You could see a centaur.

Vanquished Creatures
  An adder (D:2)
  An ooze (D:2)
  A worm (D:2)
  A dart slug (D:1)
  2 giant cockroaches (D:1)
  7 goblins
  6 hobgoblins
  2 jackals (D:1)
  3 bats (D:1)
  4 frilled lizards
  6 kobolds
  2 rats (D:1)
36 creatures vanquished.

Vanquished Creatures (collateral kills)
  A worker ant (D:2)
1 creature vanquished.

Vanquished Creatures (others)
  A frilled lizard (D:2)
1 creature vanquished.

Grand Total: 38 creatures vanquished

Notes
Turn   | Place    | Note
-------+----------+-------------------------------------------
     0 | D:1      | Klosterheim the Ogre Wizard began the quest for the Orb.
     0 | D:1      | Reached XP level 1. HP: 16/16 MP: 5/5
   231 | D:1      | Reached skill level 4 in Spellcasting
   256 | D:1      | Reached XP level 2. HP: 24/24 MP: 0/7
   542 | D:1      | Reached skill level 1 in Conjurations
   694 | D:1      | Learned a level 2 spell: Call Imp
   697 | D:1      | Learned a level 2 spell: Blink
  1022 | D:1      | Reached XP level 3. HP: 29/32 MP: 1/8
  1427 | D:2      | Reached skill level 1 in Fighting
  1504 | D:2      | Reached skill level 1 in Maces & Flails
  1504 | D:2      | Reached XP level 4. HP: 41/41 MP: 3/10
  1862 | D:2      | Found a white marble altar of Elyvilon.
  1936 | D:2      | Noticed a centaur
  1951 | D:2      | HP: 1/41 [centaur/arrow (5)]
  1957 | D:2      | Shot with an arrow by a centaur

Vault maps used:
D:1:      dpeg_arrival_arbitrary_b, kennysheep_nondescript
D:2:      elyvilon_altar_4

Skill      XL: |  1  2  3 |
---------------+----------+-----
Spellcasting   | 4 |  4.5
Conjurations   | 1 |  1.7
Fighting       | 1 |  1.3
Maces & Flails | 1 |  1.2
Dodging        | |  1.8
Stealth        | |  1.5
Summonings     | |  0.8
Translocations | |  0.8

Action                   |  1- 3 |  4- 6 || total
-------------------------+-------+-------++-------
Melee: Unarmed           |    32 |       ||    32
       Whip              |    33 |       ||    33
 Cast: Magic Dart        |    73 |    23 ||    96
       Call Imp          |     1 |     2 ||     3
  Use: Scroll            |     5 |       ||     5
       Potion            |       |     3 ||     3
 Stab: Sleeping          |     1 |       ||     1
  Eat: Chunk             |     2 |     1 ||     3
Armor: Robe              |    27 |       ||    27
Dodge: Dodged            |    54 |    10 ||    64

Table legend:
 A = Spawn XP
 B = Non-spawn XP
 C = Spawn XP percentage of total XP
 D = Spawn monster count
 E = Non-spawn monster count
 F = Spawn count percentage of total count
 G = Total turns spent on level
                    A         B        C        D         E        F      G
               +---------+---------+-------+---------+---------+-------+---------
         Total |       0 |     100 |   0.0 |       0 |      37 |   0.0 |  1957
               +---------+---------+-------+---------+---------+-------+---------
           D:1 |       0 |      43 |   0.0 |       0 |      27 |   0.0 |  1363
           D:2 |       0 |      57 |   0.0 |       0 |      10 |   0.0 |   594
               +---------+---------+-------+---------+---------+-------+---------
